 Dungeon Sprint DCSS version 0.29.1-12-g30fa7ad0bf (webtiles) character file.

Game seed: 3419383277163009879

13250 Groucho the Unseen (level 11, -29/47 (54) HPs)
             Began as a Spriggan Enchanter on Jan 8, 2023.
             Was the Champion of Dithmenos.
             Annihilated by a lorocyproca (38 damage)
             ... in the Dungeon (Sprint I: "Red Sonja").
             The game lasted 00:14:15 (2410 turns).

Groucho the Unseen (Spriggan Enchanter)             Turns: 2410, Time: 00:14:16

HP:   -29/47 (54)   AC:  5    Str:  8    XL:     11   Next: 73%
MP:   0/33          EV: 25    Int: 13    God:    Dithmenos [******]
Gold: 612           SH:  0    Dex: 12    Spells: 21/44 levels left

rFire   . . .      SeeInvis +   a - +1 dagger
rCold   . . .      Faith    .   (no shield)
rNeg    . . .      Spirit   .   b - +0 robe
rPois   .          Reflect  .   (helmet restricted)
rElec   .          Harm     .   j - +0 cloak
rCorr   .          Rampage  .   (gloves unavailable)
Will    +....      NoTele   +   (boots unavailable) Stlth **++++++++
                                (no amulet)
HPRegen 0.15/turn               k - ring of wizardry
MPRegen 0.23/turn               i - ring of flight

@: confusing by touch, flying, hasted, wreathed by umbra, heavily drained,
unable to read, very quick
A: very small, no large weapons, unfitting armour, see invisible, speed 3, horns
1, iridescent scales 1, clumsy 2, dopey 2, screaming 2, inability to read after
injury 2, devolution 1
a: Renounce Religion, Shadow Step, Shadow Form


You were in the Dungeon.
You worshipped Dithmenos.
Dithmenos was exalted by your worship.
You visited 1 branch You collected 1362 gold pieces.
You spent 750 gold pieces at shops.

Inventory:

Hand Weapons
 a - a +1 dagger (weapon)
Armour
 b - a +0 robe (worn)
 j - a +0 cloak (worn)
 o - a +2 robe
Jewellery
 i - a ring of flight (right hand)
 k - a ring of wizardry (left hand)
Wands
 h - a wand of iceblast (7)
Scrolls
 m - 3 scrolls of identify {unknown}
 n - a scroll of magic mapping {unknown}
Potions
 c - a potion of invisibility
 d - 4 potions of curing
 e - a potion of heal wounds
 g - 2 potions of magic
 l - 2 potions of might {unknown}


   Skills:
 + Level 4.7 Fighting
 + Level 11.8 Short Blades
 + Level 17.2 Dodging
 - Level 17.2 Stealth
 - Level 17.0 Spellcasting
 + Level 14.6 Hexes
 + Level 11.2 Invocations


You had 21 spell levels left.
You knew the following spells:

 Your Spells              Type           Power      Damage    Failure   Level
a - Ensorcelled Hibernat  Hex/Ice        60%        N/A       1%          2
b - Confusing Touch       Hex            49%        N/A       1%          3
c - Dazzling Flash        Conj/Hex       60%        N/A       1%          3
d - Tukima's Dance        Hex            49%        N/A       1%          3
e - Cause Fear            Hex            24%        N/A       1%          4
f - Discord               Hex            24%        N/A       32%         8

Your spell library contained the following spells:

 Spells                   Type           Power      Damage    Failure   Level
 Inner Flame              Hex/Fire       30%        N/A       1%          3


Dungeon Overview and Level Annotations

Branches:
Dungeon (1/1)

Altars:
Cheibriados
Dithmenos
Elyvilon
Fedhas
Gozag
Hepliaklqana
Kikubaaqudgha
Makhleb
Nemelex Xobeh
Okawaru
Qazlal
Ru
Sif Muna
Trog
Uskayaw
Vehumet
Wu Jian
Xom
Yredelemnul
Zin
The Shining One
Jiyva
Lugonu

Shops:
D !(:[:[*?:*((?[:*(*[[(


Innate Abilities, Weirdness & Mutations

You are very small and have problems with some larger weapons.
You are too small for most types of armour.
You have supernaturally acute eyesight. (SInv)
You cover ground extremely quickly. (Speed+++)
You have a pair of small horns on your head.
You are partially covered in iridescent scales. (AC +2)
You are very clumsy. (Dex -4)
You are very dopey. (Int -4)
You frequently scream uncontrollably at your foes.
You sometimes lose the ability to read scrolls when taking damage.
You have hidden genetic defects.


Message History

You feel much better. The lorocyproca hits you!!
Ouch! That really hurt!
* * * LOW HITPOINT WARNING * * *
You emit a cloud of dark smoke.
Unknown command.
You are too injured to fight recklessly!
You are too injured to fight recklessly!
You are too injured to fight recklessly!
You are too injured to fight recklessly!
You are too injured to fight recklessly!
You are too injured to fight recklessly!
You hit the lorocyproca but do no damage.
The lorocyproca is lightly wounded.
Your shadow hits the lorocyproca with a dagger.
You hit the lorocyproca but do no damage.
The lorocyproca is lightly wounded.
Your shadow hits the lorocyproca with a dagger.
The lorocyproca closely misses you.
You hit the lorocyproca but do no damage.
You headbutt the lorocyproca.
The lorocyproca is lightly wounded.
Your shadow misses the lorocyproca. You barely miss the lorocyproca.
The lorocyproca is lightly wounded.
You hit the lorocyproca but do no damage.
The lorocyproca is lightly wounded.
The lorocyproca hits you.
* * * LOW HITPOINT WARNING * * *
You feel your power leaking away.
You hit the lorocyproca but do no damage.
Your punch misses the lorocyproca.
The lorocyproca is lightly wounded.
You hit the lorocyproca but do no damage.
The lorocyproca is lightly wounded.
You hit the lorocyproca but do no damage.
The lorocyproca is lightly wounded.
Your shadow barely misses the lorocyproca.
The lorocyproca hits you!!!
Ouch! That really hurt!
You die...

################################
#__#..'..)#[.#§.§§§§§§..§'..#..+
'..'.[#...##'#§####§§.§.##..'..#
#__####[..'..#§#@###..§#######+#
####§§#####..'§#2#§###+#
#~~~.§#§.##'####§§§#y#
'§§~§.'..#.....#§§§###
#§§~.)#..#.....+§§§$$#
##'#####'###..°#§§.§.#
#.§§.###.'.#○.○###++##
##'###.###.#.○## .....'.∩##.#..#


You could see a lorocyproca (invisible).

Vanquished Creatures
  A hydra (D)
  2 centaur warriors (D)
  Sonja (D)
  A deep troll (D)
  A lindwurm (D)
  An oklob plant (D)
  8 shining eyes (D)
  A gargoyle (D)
  2 unseen horrors (D)
  4 demonic crawlers (D)
  2 kobold demonologists (D)
  A slime creature (D)
  A hornet (D)
  Sigmund (D)
  A yak (D)
  13 hogs (D)
  2 redbacks (D)
  7 floating eyes (D)
  An ogre (D)
  7 necrophages (D)
  8 jellies (D)
  Ijyb (D)
  2 ballistomycete spores (D)
69 creatures vanquished.

Notes
Turn   | Place    | Note
-------+----------+-------------------------------------------
     0 | D        | Groucho the Spriggan Enchanter began the quest for the Orb.
     0 | D        | Reached XP level 1. HP: 9/9 MP: 5/5
     2 | D        | Noticed Ijyb
     8 | D        | Killed Ijyb
     9 | D        | Reached skill level 5 in Hexes
     9 | D        | Reached XP level 2. HP: 13/13 MP: 6/8
   169 | D        | Learned a level 2 spell: Ensorcelled Hibernation
   171 | D        | Noticed an ogre
   173 | D        | Killed an ogre
   174 | D        | Reached skill level 10 in Stealth
   174 | D        | Reached XP level 3. HP: 16/16 MP: 8/11
   174 | D        | Reached XP level 4. HP: 21/21 MP: 9/13
   187 | D        | Noticed Sigmund
   189 | D        | Killed Sigmund
   190 | D        | Reached XP level 5. HP: 24/24 MP: 11/16
   202 | D        | Found a shimmering blue altar of Sif Muna.
   203 | D        | Found an ornate altar of the Wu Jian Council.
   204 | D        | Found a radiant altar of Vehumet.
   209 | D        | Reached XP level 6. HP: 28/28 MP: 14/18
   210 | D        | Found Verutz's Armour Emporium.
   210 | D        | Found an ancient bone altar of Kikubaaqudgha.
   210 | D        | Found a hazy altar of Hepliaklqana.
   210 | D        | Found a stormy altar of Qazlal.
   210 | D        | Found a hide-covered altar of Uskayaw.
   210 | D        | Found a blossoming altar of Fedhas.
   210 | D        | Found a bloodstained altar of Trog.
   210 | D        | Found an iron altar of Okawaru.
   210 | D        | Found a basalt altar of Yredelemnul.
   210 | D        | Found a glowing golden altar of the Shining One.
   210 | D        | Found a snail-covered altar of Cheibriados.
   210 | D        | Found a sacrificial altar of Ru.
   210 | D        | Found a glowing silver altar of Zin.
   210 | D        | Found a shadowy altar of Dithmenos.
   210 | D        | Found a white marble altar of Elyvilon.
   210 | D        | Noticed a yak
   211 | D        | Found an opulent altar of Gozag.
   212 | D        | Killed a yak
   213 | D        | Reached skill level 15 in Stealth
   213 | D        | Found a sparkling altar of Nemelex Xobeh.
   217 | D        | Bought a +0 cloak for 45 gold pieces
   252 | D        | Became a worshipper of Dithmenos the Shadowed
   279 | D        | Learned a level 3 spell: Confusing Touch
   283 | D        | Learned a level 3 spell: Dazzling Flash
   287 | D        | Learned a level 3 spell: Tukima's Dance
   289 | D        | Found a viscous altar of Jiyva.
   289 | D        | Found a corrupted altar of Lugonu.
   289 | D        | Noticed a slime creature
   290 | D        | Found a burning altar of Makhleb.
   290 | D        | Found a shimmering altar of Xom.
   292 | D        | Killed a slime creature
   293 | D        | Reached skill level 10 in Hexes
   293 | D        | Reached XP level 7. HP: 32/32 MP: 21/21
   297 | D        | Noticed a centaur warrior
   299 | D        | Noticed a centaur warrior
   303 | D        | Killed a centaur warrior
   304 | D        | Reached skill level 5 in Short Blades
   304 | D        | Reached XP level 8. HP: 36/36 MP: 22/24
   304 | D        | Killed a centaur warrior
   304 | D        | Reached * piety under Dithmenos
   312 | D        | Noticed a hornet
   316 | D        | Killed a hornet
   317 | D        | Reached XP level 9. HP: 39/39 MP: 23/26
   319 | D        | Noticed an oklob plant
   321 | D        | Killed an oklob plant
   328 | D        | Reached ** piety under Dithmenos
   329 | D        | Reached skill level 10 in Dodging
   346 | D        | Noticed an unseen horror
   346 | D        | Noticed an unseen horror
   352 | D        | Killed an unseen horror
   352 | D        | Reached *** piety under Dithmenos
   353 | D        | Reached skill level 1 in Invocations
   355 | D        | Killed an unseen horror
   361 | D        | Reached **** piety under Dithmenos
   371 | D        | Reached ***** piety under Dithmenos
   812 | D        | Reached XP level 10. HP: 41/44 MP: 24/29
   827 | D        | Found Waxog's Magic Scroll Shoppe.
   827 | D        | Found Zowem's Assorted Antiques.
   827 | D        | Found Pebboihu's Book Boutique.
   829 | D        | Found Exidav's General Store.
   829 | D        | Found Lolo Yxi's Weapon Shop.
   829 | D        | Found Seenar's Antique Weapon Shoppe.
   829 | D        | Found Iwic's Magic Scroll Boutique.
   829 | D        | Found Sotopyol's Antique Armour Emporium.
   829 | D        | Found Uxto Voe's Book Shop.
   829 | D        | Found Beshroed's Assorted Antiques.
   833 | D        | Found Reugosor's Weapon Boutique.
   834 | D        | Found Piosteum's Antique Armour Emporium.
   834 | D        | Found Pubytu's Assorted Antiques.
   835 | D        | Found Guimuimn's Weapon Emporium.
   928 | D        | Noticed a deep troll
   930 | D        | Killed a deep troll
   931 | D        | Reached skill level 10 in Short Blades
   931 | D        | Reached skill level 5 in Invocations
   944 | D        | Found Peufure's Armour Emporium.
   959 | D        | Noticed Sonja
   962 | D        | Killed Sonja
   985 | D        | Found Bomich's Distillery.
  1084 | D        | Reached skill level 15 in Spellcasting
  1159 | D        | Noticed a gargoyle
  1162 | D        | Reached ****** piety under Dithmenos
  1177 | D        | Killed a gargoyle
  1577 | D        | Noticed a lindwurm
  1580 | D        | Killed a lindwurm
  1600 | D        | Reached skill level 15 in Dodging
  1603 | D        | Reached XP level 11. HP: 47/47 MP: 27/32
  1634 | D        | Reached skill level 1 in Fighting
  2041 | D        | Noticed a 12-headed hydra
  2043 | D        | Killed a 12-headed hydra
  2044 | D        | Reached skill level 10 in Invocations
  2100 | D        | Noticed a shining eye
  2100 | D        | Noticed a shining eye
  2100 | D        | Noticed a shining eye
  2100 | D        | Noticed a shining eye
  2100 | D        | Noticed a shining eye
  2100 | D        | Noticed a shining eye
  2101 | D        | Noticed a shining eye
  2101 | D        | Noticed a shining eye
  2102 | D        | Killed a shining eye
  2102 | D        | Gained mutation: You are frail. (-10% HP) [a shining eye]
  2107 | D        | Found Bagelod's Book Shop.
  2107 | D        | Found Qapped's Antique Armour Boutique.
  2108 | D        | Found Kun Tow's Weapon Shoppe.
  2108 | D        | Found Ucahok Tisu's Book Emporium.
  2110 | D        | Gained mutation: You do not regenerate when monsters are
                  | visible. [a shining eye]
  2113 | D        | Gained mutation: Your spells are a little easier to cast,
                  | but a little less powerful. [a shining eye]
  2117 | D        | Killed a shining eye
  2129 | D        | Bought a glowing robe for 85 gold pieces
  2138 | D        | Bought a book of Hexes for 396 gold pieces
  2143 | D        | Learned a level 4 spell: Cause Fear
  2152 | D        | Learned a level 8 spell: Discord
  2164 | D        | Killed a shining eye
  2172 | D        | Gained mutation: You are clumsy. (Dex -2) [a shining eye]
  2179 | D        | Gained mutation: You occasionally shout uncontrollably at
                  | your foes. [a shining eye]
  2180 | D        | Gained mutation: You occasionally lose the ability to read
                  | scrolls when taking damage. [a shining eye]
  2185 | D        | Killed a shining eye
  2186 | D        | Gained mutation: You are very clumsy. (Dex -4) [a shining
                  | eye]
  2195 | D        | Gained mutation: You sometimes lose the ability to read
                  | scrolls when taking damage. [a shining eye]
  2199 | D        | Gained mutation: You sometimes lose your temper in combat.
                  | [a shining eye]
  2200 | D        | Gained mutation: You have hidden genetic defects. [a
                  | shining eye]
  2201 | D        | Killed a shining eye
  2201 | D        | Gained mutation: You frequently scream uncontrollably at
                  | your foes. [a shining eye]
  2202 | D        | Lost mutation: You are frail. (-10% HP) [a shining eye]
  2209 | D        | Gained mutation: You are dopey. (Int -2) [a shining eye]
  2214 | D        | Gained mutation: You are very dopey. (Int -4) [a shining
                  | eye]
  2218 | D        | Killed a shining eye
  2219 | D        | Gained mutation: Your spells are easier to cast, but less
                  | powerful. [a shining eye]
  2224 | D        | Killed a shining eye
  2233 | D        | Killed a shining eye
  2279 | D        | Bought 2 potions of mutation for 224 gold pieces
  2279 | D        | Lost mutation: Your spells are easier to cast, but less
                  | powerful. [potion of mutation]
  2279 | D        | Lost mutation: You sometimes lose your temper in combat.
                  | [potion of mutation]
  2279 | D        | Lost mutation: Your spells are a little easier to cast, but
                  | a little less powerful. [potion of mutation]
  2279 | D        | Gained mutation: You are partially covered in iridescent
                  | scales. (AC +2) [potion of mutation]
  2279 | D        | Gained mutation: Your flesh is cold resistant. (rC+)
                  | [potion of mutation]
  2279 | D        | Gained mutation: You have a pair of small horns on your
                  | head. [potion of mutation]
  2280 | D        | Lost mutation: Your flesh is cold resistant. (rC+) [potion
                  | of mutation]
  2280 | D        | Lost mutation: You do not regenerate when monsters are
                  | visible. [potion of mutation]
  2360 | D        | Noticed a lorocyproca
  2410 | D        | Annihilated by a lorocyproca

Illustrated notes

Levels and vault maps discovered:
D:        dungeon_sprint_1 [red_sonja_temple_1, red_sonja_temple_small_1]

Skill      XL: |  1  2  3  4  5  6  7  8  9 10 11 |
---------------+----------------------------------+-----
Stealth        | 7 10 13 14 17 | 17.2
Spellcasting   | 4 6 7 8 9 11 12 14 16 17 | 17.0
Hexes          | 5 6 8 10 11 12 14 | 14.6
Short Blades   | 5 7 9 10 11 | 11.8
Dodging        | 6 9 11 15 17 | 17.2
Invocations    | 3 8 11 | 11.2
Fighting       | 4 |  4.7

Action                   |  1- 3 |  4- 6 |  7- 9 | 10-12 || total
-------------------------+-------+-------+-------+-------++-------
Melee: Dagger            |     4 |     4 |    40 |   137 ||   185
       Headbutt          |       |       |       |     8 ||     8
       Punch             |       |       |       |     4 ||     4
 Cast: Confusing Touch   |       |       |     3 |     2 ||     5
       Ensorcelled Hiber |       |       |     1 |    18 ||    19
       Dazzling Flash    |       |       |       |    13 ||    13
Invok: Shadow Step       |       |       |     1 |     2 ||     3
       Shadow Form       |       |       |       |     2 ||     2
 Abil: End Transformatio |       |       |       |     2 ||     2
  Use: Potion            |     1 |       |     1 |     7 ||     9
       Scroll            |       |       |     1 |       ||     1
 Stab: Sleeping          |     2 |     4 |    20 |    29 ||    55
       Confused          |       |       |     3 |     1 ||     4
       Invisible         |       |       |       |    13 ||    13
Armor: Robe              |       |       |     1 |     4 ||     5
Dodge: Dodged            |     2 |       |     7 |    52 ||    61
